 Dungeon Crawl Stone Soup version 0.31-a0-662-g684573625c (webtiles) character file.

Game seed: 8184349316541404892

3034 pokeman the Thaumaturge (level 9, -5/48 HPs)
             Began as a Deep Elf Hedge Wizard on Sept 1, 2023.
             Was a Believer of Vehumet.
             Slain by Duvessa
             ... wielding a +0 rapier
              (13 damage)
             ... on level 7 of the Dungeon.
             The game lasted 00:25:04 (8807 turns).

pokeman the Thaumaturge (Deep Elf Hedge Wizard)     Turns: 8807, Time: 00:25:05

Health: -5/48      AC:  4    Str: 11    XL:     9   Next: 56%
Magic:  23/26      EV: 13    Int: 24    God:    Vehumet [**....]
Gold:   43         SH:  0    Dex: 14    Spells: 19/31 levels left

rFire   . . .        K - +8 falchion of the Orcish Mines {spect, rN+}
rCold   . . .        (no shield)
rNeg    + + .        b - +0 robe
rPois   .            c - +0 hat
rElec   .            p - +0 cloak
rCorr   +            (no gloves)
SInv    .            G - +0 pair of boots
Will    .....        (no amulet)
Stlth   ++           x - ring of Beogh's Generosity {Fly rN+ rCorr Str+4}
HPRegen 0.28/turn    q - ring of resist corrosion
MPRegen 0.20/turn

%: no passive effects
@: flying, studying Shields
A: no striking features
a: Renounce Religion


You were on level 7 of the Dungeon.
You worshipped Vehumet.
Vehumet was pleased with you.
You visited 2 branches of the dungeon, and saw 8 of its levels.
You also visited: Bailey.

You collected 405 gold pieces.
You spent 362 gold pieces at shops.

Inventory:

Hand Weapons
 i - a +0 whip of venom
 K - the +8 falchion of the Orcish Mines (weapon) {spect, rN+}
   (You found it on level 6 of the Dungeon)

   rN+:       It protects you from negative energy.
 R - the +9 lance "Wyrmbane" {slay drac, rPois rF+ rC+ AC+3}
   (You found it on level 7 of the Dungeon)

   AC+3:      It affects your AC (+3).
   rF+:       It protects you from fire.
   rC+:       It protects you from cold.
   rPois:     It protects you from poison
Missiles
 l - 4 curare-tipped darts
 L - 3 throwing nets
Armour
 b - a +0 robe (worn)
 c - a +0 hat (worn)
 p - a +0 cloak (worn)
 G - a +0 pair of boots (worn)
 S - +0 acid dragon scales
Magical Staves
 v - a staff of earth
 D - a staff of cold
 I - a staff of poison
Jewellery
 f - a ring of protection from cold
 q - a ring of resist corrosion (right hand)
 x - the ring of Beogh's Generosity (left hand) {Fly rN+ rCorr Str+4}
   (You bought it in a shop on level 1 of the Dungeon)

   [ring of flight]

   Str+4:     It affects your strength (+4).
   rN+:       It protects you from negative energy.
   Fly:       It grants you flight.
   rCorr:     It protects you from acid and corrosion.
 T - a +6 ring of dexterity
Wands
 E - a wand of polymorph (9)
 F - a wand of digging (2)
 H - a wand of iceblast (6)
Scrolls
 a - a scroll of blinking {unknown}
 g - a scroll of amnesia {unknown}
 h - 6 scrolls of identify
 j - a scroll of fog {unknown}
 m - 2 scrolls of torment {unknown}
 n - 3 scrolls of revelation
 o - 5 scrolls of poison {unknown}
 s - 5 scrolls of teleportation
 y - a scroll of enchant armour {unknown}
 z - 3 scrolls of vulnerability {unknown}
 A - a scroll of immolation {unknown}
 C - a scroll of noise {unknown}
Potions
 d - a potion of magic
 e - 2 potions of ambrosia {unknown}
 k - 5 potions of curing {unknown}
 r - 3 potions of lignification {unknown}
 t - 3 potions of degeneration {unknown}
 u - 2 potions of attraction {unknown}
 w - 4 potions of heal wounds {unknown}
 B - 2 potions of mutation {unknown}
 J - 4 potions of might {unknown}
 M - 2 potions of resistance {unknown}
 N - 2 potions of cancellation {unknown}
 O - 2 potions of experience {unknown}
 P - a potion of invisibility {unknown}
 Q - a potion of haste {unknown}


   Skills:
 - Level 2.1 Fighting
 + Level 3.8 Armour
 - Level 3.3 Dodging
 - Level 3.0 Stealth
 * Level 11.8 Spellcasting
 + Level 6.4 Conjurations
 - Level 1.1 Summonings
 - Level 1.1 Translocations
 - Level 1.1 Ice Magic
 - Level 1.0 Air Magic
 + Level 5.6 Earth Magic
 - Level 1.1 Poison Magic
 - Level 1.1 Evocations


You had 19 spell levels left.
You knew the following spells:

 Your Spells              Type           Power      Damage    Failure   Level
a - Magic Dart            Conj           100%       1d8       1%          1
b - Mephitic Cloud        Conj/Pois/Air  28%        N/A       4%          3
c - Call Imp              Summ           38%        N/A       4%          2
d - Blink                 Tloc           38%        N/A       4%          2
e - Iskenderun's Mystic   Conj/Tloc      32%        2d8       9%          4

Your spell library contained the following spells:

 Spells                   Type           Power      Damage    Failure   Level
 Shock                    Conj/Air       100%       1d9       1%          1
 Searing Ray              Conj           90%        2d7       1%          2
 Slow                     Hex            56%        N/A       4%          1
 Cigotuvi's Dreadful Rot  Necr/Pois/Air  34%        N/A       4%          2
 Call Canine Familiar     Summ           19%        N/A       9%          3
 Portal Projectile        Hex/Tloc       32%        N/A       11%         3
 Volatile Blastmotes      Fire/Tloc      32%        2d12      11%         3
 Fulminant Prism          Conj/Hex       14%        3d8       12%         4
 Tukima's Dance           Hex            14%        N/A       13%         3
 Leda's Liquefaction      Hex/Erth       13%        N/A       14%         4
 Passage of Golubria      Tloc           19%        N/A       28%         4
 Yara's Violent Unravell  Hex/Tmut       7%         3d5       77%         5


Dungeon Overview and Level Annotations

Branches:
Dungeon (7/15)             Temple (1/1) D:5          Bailey (visited)

Altars:
Ashenzari
Cheibriados
Dithmenos
Elyvilon
Fedhas
Gozag
Hepliaklqana
Kikubaaqudgha
Makhleb
Nemelex Xobeh
Okawaru
Qazlal
Ru
Sif Muna
Trog
Uskayaw
Vehumet
Wu Jian
Xom
Zin
The Shining One

Shops:
D:1 [*:   D:6 ?   D:7 :

Annotations:
D:7 Duvessa


Message History

The ball explodes into a vile cloud!
The stinking cloud engulfs Duvessa but does no damage.
Duvessa is lightly wounded.
Duvessa is engulfed in noxious fumes.
Duvessa appears confused.
Unknown command.
You feel a bond with the +8 falchion of the Orcish Mines {spect, rN+}.
K - the +8 falchion of the Orcish Mines (weapon)
{spect, rN+} Unknown command.
Duvessa rages.
Things that are here:
a +0 robe; a +0 dagger; the elf skeleton of Dowan The deep elf pyromancer is engulfed in noxious fumes.
Things that are here:
a +0 dagger; 7 poisoned darts; a kobold corpse Unknown command.
Duvessa is engulfed in noxious fumes.
Duvessa hits you with a +0 rapier!!
The deep elf pyromancer is engulfed in noxious fumes.
The deep elf pyromancer hits you with a +0 rapier.
Duvessa is engulfed in noxious fumes.
Duvessa appears confused.
Duvessa closely misses you.
Unknown command.
You hit Duvessa.
Duvessa is moderately wounded.
Your +8 falchion of the Orcish Mines {spect, rN+} hits Duvessa.
Duvessa is engulfed in noxious fumes.
Duvessa appears confused.
The deep elf pyromancer is engulfed in noxious fumes.
The deep elf pyromancer appears confused.
The deep elf pyromancer hits you with a +0 rapier.
The deep elf pyromancer hits itself with a +0 rapier!
Duvessa hits your +8 falchion of the Orcish Mines {spect, rN+} with a +0 rapier.
Unknown command.
Your +8 falchion of the Orcish Mines {spect, rN+} disappears.
Duvessa hits you with a +0 rapier!
* * * LOW HITPOINT WARNING * * *
The deep elf pyromancer is engulfed in noxious fumes.
The deep elf pyromancer appears confused.
Things that are here:
a +0 dagger; 7 poisoned darts; a kobold corpse Duvessa hits you with a +0 rapier!
You die...

....................#≈#...#...#.#
.....)..##..........#≈#..#.##..##
#.......#..e........#≈#..##.###..
..##..†....eD........≈.....#..###
........[..##....#...~......##..#
....##......##..##...~...........
.#..##..[.......##>.###.......###
##..#........[.##....##....>.....
##.............e@.÷.###........##
......#..H...e##.##.....###.#..##
......#...##..##.##.....#........
...........##.#♣.♣#..............
#####..#...##.#P.P#..............
..# #.......#.#♣.♣##....PP......#
######........#P.. .....♣P....:..
..'[##......###♣.♣#.#....PP......
8##........## #.###..P.......


You could see a manticore, a deep elf pyromancer (confused) and Duvessa
(berserk, confused).

Vanquished Creatures
  Prince Ribbit (D:6)
  A steam dragon (D:6)
  An acid dragon (D:7)
  4 ice beasts
  3 black bears
  3 orc warriors
  A sky beast (D:7)
  2 ogres
  2 phantoms
  A kobold brigand (D:7)
  A bullfrog (D:7)
  2 scorpions (D:6)
  Dowan (D:7)
  A howler monkey (D:6)
  3 hounds
  A jelly (D:4)
  A gnoll bouda (D:5)
  A sleepcap (D:7)
  An orc priest (D:7)
  4 iguanas
  Jessica (D:3)
  5 orc wizards
  5 adders
  24 gnolls
  2 white imps
  An ufetubus (D:6)
  A worm (D:2)
  A dart slug (D:1)
  26 orcs
  6 bats
  7 endoplasms
  2 giant cockroaches (D:2)
  5 hobgoblins
  4 quokkas
  9 ball pythons
  A frilled lizard (D:2)
  10 goblins
  12 kobolds
  8 rats
165 creatures vanquished.

Vanquished Creatures (collateral kills)
  A gnoll (D:7)
1 creature vanquished.

Vanquished Creatures (others)
  Blork the orc (D:6)
  An orc wizard (D:5)
2 creatures vanquished.

Grand Total: 168 creatures vanquished

Notes
Turn   | Place    | Note
-------+----------+-------------------------------------------
     0 | D:1      | pokeman the Deep Elf Hedge Wizard began the quest for the
                  | Orb.
     0 | D:1      | Reached XP level 1. HP: 10/10 MP: 7/7
    38 | D:1      | Found Hytaw's Assorted Antiques.
   271 | D:1      | Found Down's Antique Armour Shop.
   358 | D:1      | Reached XP level 2. HP: 16/16 MP: 2/9
   371 | D:1      | Found a faded altar of an unknown god.
   500 | D:1      | Noticed a walking frostbound tome
   502 | D:1      | Found Otom's Book Boutique.
   504 | D:1      | Noticed a walking frostbound tome
   718 | D:1      | Reached skill level 5 in Spellcasting
   766 | D:1      | Reached XP level 3. HP: 20/20 MP: 4/11
  1363 | D:2      | Reached skill level 1 in Fighting
  1539 | D:2      | Reached skill level 1 in Armour
  1562 | D:2      | Found a glowing silver altar of Zin.
  1637 | D:2      | Learned a level 3 spell: Mephitic Cloud
  1640 | D:2      | Learned a level 2 spell: Call Imp
  1643 | D:2      | Learned a level 2 spell: Blink
  1868 | D:2      | Reached XP level 4. HP: 20/25 MP: 6/13
  2132 | D:3      | Noticed Jessica
  2138 | D:3      | Killed Jessica
  2910 | D:3      | Reached skill level 6 in Spellcasting
  3272 | D:1      | Bought a faintly glowing jade ring for 100 gold pieces
  3272 | D:1      | Identified the ring of Beogh's Generosity {Fly rN+ rCorr
                  | Str+4} (You bought it in a shop on level 1 of the Dungeon)
  3532 | D:4      | Noticed a black bear
  3542 | D:4      | Killed a black bear
  3543 | D:4      | Reached skill level 1 in Evocations
  3543 | D:4      | Reached XP level 5. HP: 18/29 MP: 10/16
  3705 | D:4      | Learned a level 4 spell: Iskenderun's Mystic Blast
  4059 | D:4      | Reached XP level 6. HP: 29/34 MP: 10/17
  4313 | D:4      | Found an iron altar of Okawaru.
  4714 | D:5      | Entered Level 5 of the Dungeon
  4835 | D:5      | Noticed an ice beast
  4837 | D:5      | Reached skill level 7 in Spellcasting
  4837 | D:5      | Reached skill level 1 in Air Magic
  4837 | D:5      | Reached skill level 1 in Earth Magic
  4837 | D:5      | Reached skill level 1 in Poison Magic
  5016 | D:5      | Killed an ice beast
  5089 | D:5      | Reached skill level 1 in Ice Magic
  5089 | D:5      | Reached XP level 7. HP: 13/38 MP: 3/20
  5359 | D:5      | Found a white marble altar of Elyvilon.
  5486 | D:5      | Found a staircase to the Ecumenical Temple.
  5510 | D:5      | Reached skill level 8 in Spellcasting
  5527 | Temple   | Entered the Ecumenical Temple
  5549 | Temple   | Became a worshipper of Vehumet
  6310 | D:6      | Reached XP level 8. HP: 25/44 MP: 12/22
  6446 | D:6      | Found a shadowy altar of Dithmenos.
  6446 | D:6      | Found a sacrificial altar of Ru.
  6446 | D:6      | Found a bloodstained altar of Trog.
  6446 | D:6      | Found a hide-covered altar of Uskayaw.
  6447 | D:6      | Found a snail-covered altar of Cheibriados.
  6473 | D:6      | Reached skill level 9 in Spellcasting
  6589 | D:6      | Noticed Prince Ribbit
  6609 | D:6      | Killed Prince Ribbit
  6638 | D:6      | Found an ornate altar of the Wu Jian Council.
  6667 | D:6      | Reached skill level 5 in Conjurations
  6890 | D:6      | Found a transporter.
  6895 | D:6      | Found Aveiwihu's Magic Scroll Emporium.
  6897 | D:6      | Found a transporter.
  6901 | D:6      | Identified the +8 falchion of the Orcish Mines {spect, rN+}
  6905 | D:6      | Bought a scroll of identify for 30 gold pieces
  6905 | D:6      | Bought a scroll of identify for 30 gold pieces
  6905 | D:6      | Bought a scroll of teleportation for 45 gold pieces
  6905 | D:6      | Bought a scroll of revelation for 112 gold pieces
  6905 | D:6      | Bought a scroll of teleportation for 45 gold pieces
  6918 | D:6      | Noticed Blork the orc
  6920 | D:6      | Reached skill level 10 in Spellcasting
  6928 | D:6      | Killed Blork the orc
  7381 | D:6      | Found a glowing golden altar of the Shining One.
  7381 | D:6      | Found a stormy altar of Qazlal.
  7381 | D:6      | Found an opulent altar of Gozag.
  7433 | D:7      | Found Egamex's Book Emporium.
  7454 | D:7      | Reached * piety under Vehumet
  7454 | D:7      | Offered knowledge of Sandblast by Vehumet.
  7505 | D:7      | Noticed Maggie
  7574 | D:7      | Reached XP level 9. HP: 33/48 MP: 20/25
  7593 | D:7      | Found a flagged portal.
  7673 | Bailey   | Entered a bailey
  7696 | Bailey   | Reached skill level 11 in Spellcasting
  7949 | Bailey   | Reached skill level 5 in Earth Magic
  8034 | Bailey   | Reached ** piety under Vehumet
  8212 | D:7      | Maggie changed into Maggie the sky beast
  8212 | D:7      | Noticed Maggie
  8217 | D:7      | Killed Maggie the sky beast
  8231 | D:7      | Offered knowledge of Shock by Vehumet.
  8413 | D:7      | Noticed a manticore
  8414 | D:7      | Noticed a deep elf pyromancer
  8424 | D:7      | Noticed Dowan
  8424 | D:7      | Noticed Duvessa
  8441 | D:7      | Killed Dowan
  8807 | D:7      | Slain by Duvessa

Illustrated notes

Levels and vault maps discovered:
D:1:      evilmike_arrival_crescent, layout_basic,
          hellmonk_ecumenical_altar_prayer_group, serial_shops,
          nicolae_shop_tiny_statue_garden, shop, nicolae_shop_mannequins,
          minmay_hexomino_c4
D:2:      layout_rooms, basic_altar
D:3:      layout_loops_corners, nicolae_figureground_sparkle, uniq_jessica
D:4:      layout_loops_corners, mainiacjoe_overflow_small_starburst,
          feat_on_display
D:5:      layout_loops_corners, overflow_temple_1_default,
          minmay_temple_entry_mini_moons
D:6:      layout_basic, nicolae_overflows_in_rows, serial_shops,
          nicolae_shop_drivethru, uniq_prince_ribbit1, uniq_blork_the_orc
D:7:      layout_cave_pools, enter_bailey_8, serial_shops,
          nicolae_book_shop_shelving, chequers_serial_rivers_room_b,
          dreamdust_princess_corridor, serial_park_tiny_pond,
          chequers_serial_rivers_micro_b, serial_park_tiny_2,
          minmay_manual_mess, uniq_duvessa, uniq_maggie
Temple:   chequers_temple_sunken

Skill      XL: |  1  2  3  4  5  6  7  8  9 |
---------------+----------------------------+-----
Spellcasting   | 5 6 7 8 10 11 | 11.8
Fighting       | 1 2 |  2.1
Armour         | 1 2 3 |  3.8
Conjurations   | 2 3 4 5 6 |  6.4
Stealth        | 3 |  3.0
Dodging        | 3 |  3.3
Evocations     | 1 |  1.1
Air Magic      | 1 |  1.0
Earth Magic    | 1 3 4 5 |  5.6
Poison Magic   | 1 |  1.1
Ice Magic      | 1 |  1.1
Summonings     | |  1.1
Translocations | |  1.1

Action                     |  1- 3 |  4- 6 |  7- 9 || total
---------------------------+-------+-------+-------++-------
  Melee: Dagger            |    10 |       |       ||    10
         Whip              |     7 |    17 |    64 ||    88
         Falchion          |       |       |    85 ||    85
         Lance             |       |       |    14 ||    14
   Cast: Magic Dart        |    97 |   116 |   132 ||   345
         Mephitic Cloud    |       |     4 |    45 ||    49
         Call Imp          |       |     3 |     8 ||    11
         Blink             |       |     1 |     7 ||     8
         Iskenderun's Myst |       |       |     3 ||     3
  Evoke: Wand              |       |       |     1 ||     1
   Stab: Confused          |       |     3 |    14 ||    17
         Sleeping          |       |       |     2 ||     2
 Armour: Robe              |    13 |    30 |   114 ||   157
  Dodge: Dodged            |     9 |    33 |   130 ||   172

Table legend: (Time is in decaauts)
 A = Elapsed time spent in this place.
 B = Non-inter-level travel time spent in this place.
 C = Inter-level travel time spent in this place.
 D = Time resting spent in this place.
 E = Time spent auto-exploring this place.
 F = Levels seen in this place.
 G = Mean time per level.
                   A        B        C        D        E       F      G
               +--------+--------+--------+--------+--------+-----+--------+
         Total |   8842 |   8380 |    462 |    219 |   6596 |   9 |  982.4 |
       Dungeon |   8285 |   7865 |    420 |    127 |   6383 |   7 | 1183.6 |
        Temple |     47 |      5 |     42 |      0 |      0 |   1 |   47.0 |
        Bailey |    509 |    509 |      0 |     92 |    213 |   1 |  509.0 |
               +--------+--------+--------+--------+--------+-----+--------+

Top non-repeatable levels by time:
     D:5: 1514 daAuts
     D:1: 1411 daAuts
     D:6: 1403 daAuts
     D:4: 1341 daAuts
     D:3: 1143 daAuts
     D:2: 818 daAuts
     D:7: 653 daAuts
  Bailey: 509 daAuts
  Temple: 47 daAuts
